Tangles, chaotic female sylph Priestess ----- --------- |<..--- ------.......-- ------- --- ---- |.....---|.........--..| |.....| .. .. --..|....|.---------|..| |.(_..| -|---+--.- --|.........| ---- ..... ---- ..| ..|-.| ----.|....|--- ---- -|- |..---|..---|-..--- -----..|..----...-- |.| ---+-.....-.--........--+- ------ |..|....|@....---- |.| |.|-- -......--................| |%.!%| --...............---.-- |....||.......-|..--------|--..-- |.$..| |......---...........----- |.|..| ...{....|--|.........| - ---|--------....|------..........-- |.|..| -.......| |?..!=`].)| -----.---...-|...- |..|-...-.....f.-|.|---|...|....|------------- |..|-..)......|..--- |..|--.....---.E.|.--..|..---...-|.((.| |..-[...)..........-+---.-----..- -....|..........|-...-.](.| -----.....{....----.[.[)..........|...f......---...|...-|$.((| |..........)...-- --+--.---------.....`...--..|........|------ -+-----.........| |[|[(..| --.......-----|...|....| --..------- |.-...[| ---...--- -..|...-- ---- --|....| ----- -----... ------ --- Tangles the Adept Experience level: 6 Strength: 14 Dexterity: 12 Constitution: 15 Intelligence: 18 Wisdom: 11 Charisma: 9 Health: 0(40) Energy: 71(71) Def: 3 Gold: 897 Moves: 3276 Dungeon seed: Y5Dry_GjF2klPCJZ Game ID: Tangles_1470048976 Your Inventory: Coins $ - 897 gold pieces Amulets O - an amulet versus poison (being worn) Weapons a - a blessed +1 mace (weapon in hand) s - 4 +0 dwarvish spears B - a +0 boomerang E - a +0 elven dagger L - 15 +0 darts Armor e - a +0 robe (being worn) n - a +0 small shield (being worn) q - a +0 elven cloak Comestibles c - a clove of garlic d - a sprig of wolfsbane h - a lizard corpse named the lizard of yendor o - a banana H - an apple K - 2 food rations Scrolls l - a scroll of enchant armor t - 2 scrolls of scare monster u - a cursed scroll of earth A - a cursed scroll of punishment P - a scroll of identify V - a scroll of create monster Z - a scroll of confuse monster Spellbooks v - a spellbook of detect monsters Potions b - 4 potions of holy water j - a potion of gain energy k - a potion of healing m - a potion of fruit juice p - a potion of levitation w - a potion of speed x - a blessed potion of speed M - a cursed potion of see invisible Q - a potion of unholy water S - a potion of sleeping Wands f - a wand of cancellation (0:1) g - a blessed wand of create monster (0:14) T - a wand of magic missile (0:3) Tools i - a magic marker (0:97) D - a skeleton key F - a magic marker (0:65) X - 4 tallow candles (0:200) Gems r - 2 worthless pieces of red glass y - a worthless piece of yellowish brown glass z - a flint stone G - a worthless piece of white glass I - a worthless piece of green glass N - 2 worthless pieces of black glass U - a touchstone W - 2 worthless pieces of orange glass Y - 2 worthless pieces of yellow glass Spells and supernatural/magical abilities: Name Level Category Fail Memory n - detect monsters 1 divination 0% 84% U - detect unseen 3 divination 64% 84% W - pray for help -- divine ? -- X - turn undead -- divine ? -- Your skills at the end: Miscellaneous Skills shield [Basic] wands [Basic] Weapon Skills mace [Skilled] Spellcasting Skills clerical spells [Basic] Final Attributes: You were piously aligned. You were poison resistant. You saw invisible. You had infravision. You were stealthy. You were protected from shape changers. You are dead. Vanquished creatures: a lizard a snake 7 gnome lords a gnomish wizard a golden naga hatchling a guardian naga hatchling 8 dwarves 4 rothes a centipede a monkey a dwarf zombie 2 hobbits a large kobold 4 geckos a giant rat a green mold 27 gnomes a jackal 4 newts 4 sewer rats 2 grid bugs a lichen a kobold zombie 76 creatures vanquished. Voluntary challenges: You followed a strict vegan diet. You had been an atheist until turn 2704. You used a wielded weapon 105 times, starting on turn 10. You did not apply a unicorn horn. You were illiterate. You never genocided any monsters. You never polymorphed an object. You never changed form. You used no wishes. You never split a pudding. You never wrote Elbereth's name. You never violated your personal moral code. Dungeon overview: The Dungeons of Doom: levels 1 to 4 Level 1 (v) a long staircase Level 2 a fountain Level 3 a weapon shop stairs to The Gnomish Mines Level 4 The Gnomish Mines: levels 4 to 7 Level 4 stairs to The Dungeons of Doom Level 5 (books) Level 6 Level 7 <- You were here many shops, a temple to Mog, a magic chest, some fountains History has recorded: On T:1 you entered the Dungeons of Doom to retrieve the Amulet of Yendor! On T:405 you reached level 2 of The Dungeons of Doom. On T:631 you reached level 3 of The Dungeons of Doom. On T:733 you reached level 4 of The Dungeons of Doom. On T:1162 you advanced to experience level 2. On T:1427 you reached level 1 of The Gnomish Mines. On T:1428 you advanced to experience level 3. On T:1486 you reached level 2 of The Gnomish Mines. On T:1490 you advanced to experience level 4. On T:1762 you reached level 3 of The Gnomish Mines. On T:1793 you advanced to experience level 5. On T:1910 you reached level 4 of The Gnomish Mines. On T:2043 you advanced to experience level 6. On T:3029 you entered the Minetown temple Score breakdown: Gold: 897 ( 89 points) Experience: 6 levels ( 500 points) Exploration: 7 levels ( 180 points) Discoveries: 7 items ( 350 points) Variety of kills: 23 monsters ( 1150 points) Major goal: reached Minetown ( 500 points) Survival: died (score multiplied by 3) Total score: 8307 Latest messages: "Hello, Tangles! Welcome again to Cheboi's general store!" You displace KittySplat. KittySplat drops 129 gold pieces. "Hello, Tangles! Welcome again to Cheboi's general store!" There is an open door here. You see here 129 gold pieces. You have a little trouble lifting $ - 129 gold pieces. You hear some noises in the distance. You feel tough! Your movements are now unencumbered. You must be leading a healthy life-style. You hit the jaguar. The jaguar claws you! (2x) The jaguar bites! You hit the jaguar! The jaguar claws you! (2x) The jaguar bites! You hit the jaguar. The jaguar claws you! (2x) The jaguar bites! The jaguar claws you! (2x) You die... Final status: Goodbye Tangles the Priestess, killed by a jaguar... You died in The Gnomish Mines on dungeon level 7 with 8307 points, and 897 pieces of gold, after 3276 moves. You were level 6 with a maximum of 40 hit points when you died.